 Dungeon Crawl Stone Soup version 0.30-a0-743-gbfdf073431 (webtiles) character file.

Game seed: 14124982538888376462

0 boo the Ducker (level 1, -3/12 HPs)
             Began as a Tengu Gladiator on Feb 7, 2023.
             Killed from afar by a dart slug (5 damage)
             ... with a slug dart
             ... on level 1 of the Dungeon.
             The game lasted 00:00:22 (29 turns).

boo the Ducker (Tengu Gladiator)                      Turns: 29, Time: 00:00:23

Health: -3/12      AC:  3    Str: 14    XL:     1   Next: 10%
Magic:  2/2        EV: 12    Int:  8    God:
Gold:   9          SH:  0    Dex: 15    Spells: 0/0 levels left

rFire   . . .      SeeInvis .    a - +0 quarterstaff
rCold   . . .      Faith    .    (shield currently unavailable)
rNeg    . . .      Spirit   .    b - +0 leather armour
rPois   .          Reflect  .    c - +0 hat
rElec   .          Harm     .    (no cloak)
rCorr   .          Rampage  .    (no gloves)
Will    .....                    (boots unavailable)
Stlth   +                        (no amulet)
HPRegen 0.22/turn                (no ring)
MPRegen 0.08/turn                (no ring)

@: no status effects
A: beak, talons 3
a: no special abilities


You were on level 1 of the Dungeon.
You visited 1 branch of the dungeon, and saw 1 of its levels.

You collected 9 gold pieces.

Inventory:

Hand Weapons
 a - a +0 quarterstaff (weapon)
Missiles
 d - 3 throwing nets (quivered)
 e - a javelin
Armour
 b - a +0 leather armour (worn)
 c - a +0 hat (worn)


   Skills:
 + Level 2.0 Fighting
 * Level 3.3 Staves
 - Level 2.0 Throwing
 + Level 3.3 Dodging


You couldn't memorise any spells.
You didn't know any spells.
Your spell library was empty.

Dungeon Overview and Level Annotations

Branches:
Dungeon (1/15)

Altars:


Innate Abilities, Weirdness & Mutations

You have a beak for a mouth.
You have claws for feet.


Message History

Welcome, boo the Tengu Gladiator.
Everyone else who sought the Orb of Zot has failed.
Will you be different?
Press ? for a list of commands and other information.
Found a staircase leading out of the dungeon.
As you open the door, it creaks loudly!
There is an open door here.
You open the door.
There is an open door here.
You now have 9 gold pieces.
A frilled lizard comes into view.
Found 5 gold pieces.
The frilled lizard hisses angrily.
A dart slug comes into view.
An endoplasm comes into view.
The frilled lizard bites you.
You miss the frilled lizard.
The endoplasm quivers.
The frilled lizard bites you.
You completely miss the frilled lizard. Your kick misses the frilled lizard.
Your peck misses the frilled lizard. The frilled lizard bites you.
You hit the frilled lizard but do no damage.
Your kick misses the frilled lizard. Your peck misses the frilled lizard.
The frilled lizard closely misses you.
You barely miss the frilled lizard.
You claw the frilled lizard, but do no damage.
The frilled lizard closely misses you.
You barely miss the frilled lizard. You peck the frilled lizard.
The frilled lizard is heavily wounded.
The frilled lizard closely misses you.
You sock the frilled lizard!
You kill the frilled lizard!
The dart slug launches a dart at you. The slug dart hits you.
Ouch! That really hurt!
* * * LOW HITPOINT WARNING * * *
The dart slug launches a dart at you. The slug dart hits you.
You die...

#+### ....#####
....#...# .8..'.<.#
....#...# #
....######### .#
###'#.......# ..#
......#.# #.######...##.
..###.#.###.#...@.......
#. #........!..wJ......
. #.#..#..#........... .
...#..#..######...##.
#..........# ...#
####.#.##.## ..$#
#......# ..# ###.####
... #.#


You could see a dart slug and an endoplasm.

Vanquished Creatures
  A frilled lizard (D:1)
1 creature vanquished.

Notes
Turn   | Place    | Note
-------+----------+-------------------------------------------
     0 | D:1      | boo the Tengu Gladiator began the quest for the Orb.
     0 | D:1      | Reached XP level 1. HP: 12/12 MP: 2/2
    29 | D:1      | Killed from afar by a dart slug

Illustrated notes

Levels and vault maps discovered:
D:1:      minmay_arrival_stair_chambers, layout_loops_cross,
          serial_bayou_lagoon_a, minmay_misc_feat_roman

Action                     || total
---------------------------++-------
  Melee: Quarterstaff      ||     6
         Kick              ||     1
         Peck              ||     1
  Dodge: Dodged            ||     3

Table legend: (Time is in decaauts)
 A = Elapsed time spent in this place.
 B = Non-inter-level travel time spent in this place.
 C = Inter-level travel time spent in this place.
 D = Time resting spent in this place.
 E = Time spent auto-exploring this place.
 F = Levels seen in this place.
 G = Mean time per level.
                   A        B        C        D        E       F      G
               +--------+--------+--------+--------+--------+-----+--------+
         Total |     29 |     29 |      0 |      0 |     17 |   1 |   29.0 |
       Dungeon |     29 |     29 |      0 |      0 |     17 |   1 |   29.0 |
               +--------+--------+--------+--------+--------+-----+--------+

Top non-repeatable levels by time:
     D:1: 29 daAuts
